 Dungeon Crawl Stone Soup version 0.31-a0-175-g9f7f995f2b (webtiles) character file.

Game seed: 3626288509835951608

107 qw the Shooter (level 4, -7/42 HPs)
             Began as a Naga Hunter on June 16, 2023.
             Killed by divine providence
             ... invoked by an orc priest
              (17 damage)
             ... on level 2 of the Dungeon.
             The game lasted 00:00:32 (1156 turns).

qw the Shooter (Naga Hunter)                        Turns: 1156, Time: 00:00:33

Health: -7/42      AC:  2    Str: 14    XL:     4   Next: 85%
Magic:  4/4        EV:  9    Int:  9    God:
Gold:   121        SH:  0    Dex: 16    Spells: 3/3 levels left

rFire   . . .        Y - +0 shortbow
rCold   . . .        (shield currently unavailable)
rNeg    . . .        c - +0 leather armour
rPois   +            (no helmet)
rElec   .            (no cloak)
rCorr   .            (no gloves)
SInv    +            (no barding)
Will    .....        (no amulet)
Stlth   ++           (no ring)
HPRegen 0.27/turn    (no ring)
MPRegen 0.09/turn

%: no passive effects
@: very slow
A: AC +1, large, see invisible, deformed body, poison resistance, slowness 2,
spit poison 1, naga tail 1
a: Spit Poison


You were on level 2 of the Dungeon.
You visited 1 branch of the dungeon, and saw 2 of its levels.

You collected 121 gold pieces.


Innate Abilities, Weirdness & Mutations

Your serpentine skin is tough. (AC +1)
You have supernaturally acute eyesight. (SInv)
Armour fits poorly on your strangely shaped body.
Your system is resistant to poisons. (rPois)
You cover ground very slowly.
You can spit poison.
You have a snake-like lower body.


   Skills:
 - Level 3.1 Fighting
 + Level 5.0 Ranged Weapons
 - Level 1.5 Dodging
 - Level 1.5 Stealth


You had 3 spell levels left.
You didn't know any spells.
Your spell library was empty.

Inventory:

Hand Weapons
 Y - a +0 shortbow (weapon)
Armour
 c - a +0 leather armour (worn)
Scrolls
 a - a scroll of vulnerability {unknown}
 b - a scroll of fear {unknown}
 d - a scroll of silence {unknown}
Potions
 e - a potion of degeneration {unknown}
 f - 4 potions of attraction {unknown}
 g - a potion of lignification {unknown}
 h - a potion of haste {unknown}

Dungeon Overview and Level Annotations

Branches:
Dungeon (2/15)

Altars:


Message History

The orc barely misses you.
You shoot an arrow. The arrow hits the orc.
You kill the orc!
The orc priest looks satisfied for a moment.
You shoot an arrow. The arrow hits the orc priest.
The orc priest is lightly wounded.
You shoot an arrow. The arrow barely misses the orc priest.
The orc priest looks encouraged for a moment.
You shoot an arrow.
The arrow closely misses the orc priest.
The orc priest looks encouraged for a moment.
You shoot an arrow.
The arrow closely misses the orc priest.
You have got your breath back.
The orc priest invokes the aid of Beogh against you.
You struggle to resist.
The orc priest barely misses you.
1151 ||| INVOKING Spit Poison.
Aiming: Spit Poison (1% risk of failure)
Press: ? - help, Shift-Dir - straight line, f/p - orc priest The splash of poison hits the orc priest.
The orc priest is moderately wounded.
The orc priest closely misses you.
You shoot an arrow. The arrow barely misses the orc priest.
The orc priest hits you with a +0 hand axe.
You shoot an arrow.
The arrow hits the orc priest but does no damage.
The orc priest is moderately wounded.
The orc priest hits you with a +0 hand axe.
You shoot an arrow. The arrow barely misses the orc priest.
The orc priest hits you with a +0 hand axe.
You shoot an arrow. The arrow barely misses the orc priest.
The orc priest calls down the wrath of Beogh upon you.
You struggle to resist.
You shoot an arrow.
The arrow hits the orc priest but does no damage.
The orc priest is moderately wounded.
You have got your breath back.
The orc priest mumbles some strange prayers to Beogh against you.
Beogh smites you!
You die...

#.#%....##..### #.
#.##.......######.
#.#..#.#.#....#.>.
#.##.#####....#.##
#...............##
#..##.............
##......)......<..
#######.............
#)o@..............##
#.#########.........
#...o.... ##.#.....#
#o.#.o.#. #...#...#
.... .... #..###...
..... ... }#.. #.##
....... .. $#. #.#
.#..#... . # #.#
#.#....... #.#


You could see an orc priest.

Vanquished Creatures
  An orc priest (D:2)
  An adder (D:2)
  2 worms
  5 dart slugs
  5 orcs (D:2)
  2 ball pythons
  4 bats
  3 endoplasms (D:2)
  2 goblins
  2 hobgoblins
  4 jackals (D:1)
  A kobold (D:1)
  3 quokkas
  7 frilled lizards
  5 rats
47 creatures vanquished.

Notes
Turn   | Place    | Note
-------+----------+-------------------------------------------
     0 | D:1      | qw the Naga Hunter began the quest for the Orb.
     0 | D:1      | Reached XP level 1. HP: 19/19 MP: 1/1
     0 | D:1      | 0 ||| qw: Version: 0.2-a-29-g511e9b1
     0 | D:1      | 0 ||| qw: Game counter: 5657
     0 | D:1      | 0 ||| qw: Always use a shield: true
     0 | D:1      | 0 ||| qw: God list: Okawaru
     0 | D:1      | 0 ||| qw: Allow faded altars: false
     0 | D:1      | 0 ||| qw: Do Orc after D:15 true
     0 | D:1      | 0 ||| qw: Do second Lair branch before Depths: true
     0 | D:1      | 0 ||| qw: Lair rune preference: random
     0 | D:1      | 0 ||| qw: Plans: Normal
     0 | D:1      | 0 ||| PLANNING D:1-11
    20 | D:1      | 20 ||| INVOKING Spit Poison.
    27 | D:1      | 27 ||| INVOKING Spit Poison.
    50 | D:1      | 50 ||| INVOKING Spit Poison.
    77 | D:1      | 77 ||| INVOKING Spit Poison.
    78 | D:1      | Reached skill level 4 in Ranged Weapons
    78 | D:1      | Reached XP level 2. HP: 26/26 MP: 2/2
    80 | D:1      | 80 ||| INVOKING Spit Poison.
    84 | D:1      | 84 ||| INVOKING Spit Poison.
   121 | D:1      | 121 ||| INVOKING Spit Poison.
   214 | D:1      | 214 ||| INVOKING Spit Poison.
   237 | D:1      | 237 ||| INVOKING Spit Poison.
   263 | D:1      | 263 ||| INVOKING Spit Poison.
   327 | D:1      | 327 ||| INVOKING Spit Poison.
   385 | D:1      | 385 ||| INVOKING Spit Poison.
   480 | D:1      | Reached XP level 3. HP: 32/32 MP: 3/3
   503 | D:1      | 503 ||| INVOKING Spit Poison.
   559 | D:1      | 559 ||| INVOKING Spit Poison.
   723 | D:1      | 723 ||| READING scroll labelled EQANAUTITO.
   724 | D:1      | 724 ||| READING scroll labelled DAQ CYARAJO.
   725 | D:1      | 725 ||| READING scroll labelled QOUXZA BEXO.
   726 | D:1      | 726 ||| DROPPING scroll of butterflies.
   761 | D:2      | 761 ||| INVOKING Spit Poison.
   764 | D:2      | 764 ||| STAIRDANCE
   767 | D:1      | 767 ||| INVOKING Spit Poison.
   860 | D:2      | 860 ||| INVOKING Spit Poison.
   868 | D:2      | 868 ||| INVOKING Spit Poison.
   869 | D:2      | 869 ||| INVOKING Spit Poison.
   895 | D:2      | 895 ||| INVOKING Spit Poison.
   916 | D:2      | 916 ||| INVOKING Spit Poison.
   937 | D:2      | 937 ||| INVOKING Spit Poison.
   961 | D:2      | 961 ||| INVOKING Spit Poison.
   974 | D:2      | 974 ||| INVOKING Spit Poison.
   980 | D:2      | 980 ||| INVOKING Spit Poison.
   987 | D:2      | 987 ||| INVOKING Spit Poison.
   990 | D:2      | Reached skill level 5 in Ranged Weapons
   990 | D:2      | Reached XP level 4. HP: 35/39 MP: 4/4
  1015 | D:2      | 1015 ||| INVOKING Spit Poison.
  1016 | D:2      | 1016 ||| Stepping ~*~*~tactically~*~*~ (outnumbered).
  1019 | D:2      | 1019 ||| INVOKING Spit Poison.
  1028 | D:2      | 1028 ||| INVOKING Spit Poison.
  1052 | D:2      | 1052 ||| INVOKING Spit Poison.
  1057 | D:2      | 1057 ||| INVOKING Spit Poison.
  1069 | D:2      | 1069 ||| INVOKING Spit Poison.
  1124 | D:2      | 1124 ||| Stepping ~*~*~tactically~*~*~ (outnumbered).
  1126 | D:2      | 1126 ||| Stepping ~*~*~tactically~*~*~ (outnumbered).
  1128 | D:2      | 1128 ||| INVOKING Spit Poison.
  1130 | D:2      | 1130 ||| Stepping ~*~*~tactically~*~*~ (outnumbered).
  1133 | D:2      | 1133 ||| Stepping ~*~*~tactically~*~*~ (outnumbered).
  1134 | D:2      | 1134 ||| INVOKING Spit Poison.
  1139 | D:2      | 1139 ||| INVOKING Spit Poison.
  1142 | D:2      | Reached skill level 3 in Fighting
  1145 | D:2      | 1145 ||| INVOKING Spit Poison.
  1151 | D:2      | 1151 ||| INVOKING Spit Poison.
  1154 | D:2      | HP: 10/42 [orc priest/+0 hand axe (6)]
  1156 | D:2      | Killed from afar by an orc priest

Levels and vault maps discovered:
D:1:      saegor_arrival_simple_b, layout_basic, serial_glass, glass_columns_a,
          glass_columns_b, item_on_display_a, item_on_display_a,
          minmay_strange_pillars
D:2:      cheibrodos_pilgrimage, layout_rooms, minmay_octomino_e4

Skill      XL: |  1  2  3  4 |
---------------+-------------+-----
Ranged Weapons | 4 5 |  5.0
Fighting       | 3 |  3.1
Dodging        | |  1.5
Stealth        | |  1.5

Action                     |  1- 3 |  4- 6 || total
---------------------------+-------+-------++-------
   Fire: Shortbow          |    56 |    34 ||    90
Ability: Spit Poison       |    25 |    11 ||    36
    Use: Scroll            |     3 |       ||     3
 Armour: Leather armour    |     3 |     2 ||     5
  Dodge: Dodged            |     6 |    17 ||    23

Table legend:
 A = Non-vault XP
 B = Vault XP
 C = Vault XP percentage of total XP
 D = Non-vault monster count
 E = Vault monster count
 F = Vault count percentage of total count
                 A         B        C        D         E       F
            +---------+---------+-------+---------+---------+-------
      Total |      88 |      65 |  42.5 |      37 |      10 |  21.3
            +---------+---------+-------+---------+---------+-------
        D:1 |      47 |       0 |   0.0 |      24 |       0 |   0.0
        D:2 |      41 |      65 |  61.3 |      13 |      10 |  43.5
            +---------+---------+-------+---------+---------+-------
